 Dungeon Crawl Stone Soup version 0.16-a0-4038-ge07a62f (webtiles) character file.

670039 Ololoev the Cloud Mage (level 27, -1/178 HPs)
             Began as a High Elf Ice Elementalist on Feb 17, 2015.
             Was the Champion of Vehumet.
             Slain by an emperor scorpion (9 damage)
             ... summoned by a greater mummy
             ... on level 17 of a ziggurat on Feb 19, 2015.
             The game lasted 08:46:41 (88619 turns).

Ololoev the Cloud Mage (High Elf Ice Elementalist) Turns: 88619, Time: 08:46:42

Health: -1/178     AC: 30    Str: 13    XL:     27
Magic:  7/46       EV: 23    Int: 45    God:    Vehumet [******]
Gold:   4210       SH: 18    Dex: 21    Spells: 9 memorised, 18 levels left

rFire  + + +     SeeInvis +     b - +3 Elemental Staff {rElec rF++ rC++ MR++ AC+5} (curse)
rCold  + . .     Clarity  +     x - +1 scale mail of Analysis {MR+ Regen+ Str+4 Dex-2} (curse)
rNeg   + . .     SustAb   .     d - +5 shield {reflect} (curse)
rPois  .         Gourm    .     I - +2 helmet {SInv} (curse)
rElec  +         Spirit   .     r - +2 cloak (curse)
rCorr  .         Warding  +     T - +2 pair of gloves {Str+3} (curse)
rMut   .         Stasis   .     n - +2 pair of boots (curse)
MR     +++++                    k - macabre finger necklace {Ward rN+} (curse)
Stlth  ++........               Z - ring of the Mage {Wiz MR++ Int+3} (curse)
                                Y - ring of Nyesix {Fire MR+ Int+3} (curse)
                                (no ring)

@: brilliant, agile, about to teleport, flayed, deflect missiles, almost
entirely resistant to hostile enchantments, unstealthy
A: blurry vision 1, clarity
a: Renounce Religion
}: 4/15 runes: serpentine, barnacled, slimy, silver


You were on level 17 of a ziggurat.
You worshipped Vehumet.
Vehumet was exalted by your worship.
You were not hungry.

You visited 10 branches of the dungeon, and saw 57 of its levels.
You visited 1 bazaar.
You visited 1 ziggurat, and saw 17 of its levels.
You also visited: Ossuary, Bailey and Ice Cave.

You collected 9295 gold pieces.
You spent 5085 gold pieces at shops.

Notes
Turn   | Place    | Note
--------------------------------------------------------------
     0 | D:1      | Ololoev, the High Elf Ice Elementalist, began the quest for the Orb.
     0 | D:1      | Reached XP level 1. HP: 11/11 MP: 4/4
   301 | D:1      | Reached XP level 2. HP: 17/17 MP: 6/6
   838 | D:2      | Reached skill level 4 in Ice Magic
   874 | D:2      | Reached XP level 3. HP: 21/21 MP: 6/8
  1462 | D:3      | Noticed jazmu's ghost (weakling DsGl)
  1585 | D:2      | Reached skill level 5 in Ice Magic
  1585 | D:2      | Reached XP level 4. HP: 20/27 MP: 6/11
  1603 | D:2      | Learned a level 4 spell: Throw Icicle
  2613 | D:3      | Reached XP level 5. HP: 31/31 MP: 10/12
  3236 | D:4      | Reached XP level 6. HP: 36/36 MP: 15/15
  3238 | D:4      | Found a bloodstained altar of Trog.
  3507 | D:4      | Noticed an ogre
  3769 | D:4      | Noticed an ogre
  3775 | D:4      | Killed an ogre
  3775 | D:4      | Reached skill level 5 in Conjurations
  3775 | D:4      | Reached skill level 6 in Ice Magic
  3860 | D:4      | Killed an ogre
  3860 | D:4      | Reached XP level 7. HP: 41/41 MP: 2/17
  4020 | D:5      | Entered Level 5 of the Dungeon
  4651 | D:5      | Found Zomucor's Antique Armour Shop.
  4651 | D:5      | Noticed Ijyb
  4659 | D:5      | Killed Ijyb
  5096 | D:6      | Found a blossoming altar of Fedhas.
  5146 | D:6      | Found a sand-covered staircase.
  5175 | Ossuary  | Entered an ossuary
  5203 | Ossuary  | Reached skill level 7 in Conjurations
  5646 | Ossuary  | Reached XP level 8. HP: 24/46 MP: 14/18
  6840 | D:6      | Reached skill level 8 in Conjurations
  6937 | D:6      | Found a white marble altar of Elyvilon.
  7294 | D:6      | Noticed Charly's ghost (experienced DrSk)
  7318 | D:6      | Found an opulent altar of Gozag.
  8104 | D:7      | Reached skill level 9 in Conjurations
  8633 | D:6      | Gained mutation: You are somewhat resistant to further mutation. [mutagenic meat]
  8721 | D:7      | Reached XP level 9. HP: 51/51 MP: 11/20
  8968 | D:7      | Noticed Shredu92's ghost (experienced OpSu)
  8983 | D:7      | Killed Shredu92's ghost
  8983 | D:7      | Reached skill level 10 in Conjurations
  9178 | D:7      | Learned a level 4 spell: Summon Ice Beast
  9379 | D:7      | Found a glowing golden altar of the Shining One.
  9493 | D:7      | Found a stormy altar of Qazlal.
  9493 | D:7      | Found a sparkling altar of Nemelex Xobeh.
  9712 | D:7      | Found a staircase to the Ecumenical Temple.
  9722 | Temple   | Entered the Ecumenical Temple
  9783 | Temple   | Became a worshipper of Vehumet
  9864 | D:7      | Reached skill level 10 in Ice Magic
 10580 | D:8      | Reached skill level 11 in Conjurations
 10795 | D:8      | Noticed Maurice
 10816 | D:8      | Killed Maurice
 10816 | D:8      | Reached XP level 10. HP: 56/56 MP: 15/21
 10964 | D:8      | Found a shimmering altar of Xom.
 11279 | D:8      | Noticed Somebody's ghost (experienced TrEE)
 11754 | D:8      | Killed Somebody's ghost
 11754 | D:8      | Acquired Vehumet's first power
 11754 | D:8      | Offered knowledge of Flame Tongue by Vehumet.
 12186 | D:3      | Killed jazmu's ghost
 12603 | D:6      | Killed Charly's ghost
 12822 | D:9      | Noticed a guardian serpent
 12965 | D:9      | Learned a level 2 spell: Blink
 12968 | D:9      | Learned a level 2 spell: Repel Missiles
 12984 | D:9      | Reached skill level 1 in Air Magic
 13122 | D:9      | Found a flagged portal.
 13145 | Bailey   | Entered a bailey
 13604 | Bailey   | Offered knowledge of Searing Ray by Vehumet.
 13693 | Bailey   | Noticed an orc knight
 13706 | Bailey   | Reached skill level 1 in Translocations
 14412 | D:9      | Found a staircase to the Orcish Mines.
 14433 | D:9      | Reached skill level 12 in Conjurations
 14762 | D:9      | Found Skozeikes' Weapon Shop.
 14780 | D:9      | Got a steaming long sword
 14781 | D:9      | Identified the +9 long sword "Rytiwk" {flame, +Rage rElec MP+9 Int-3} (You found it on level 9 of the Dungeon)
 14788 | D:9      | Found a shadowy altar of Dithmenos.
 14816 | D:9      | Noticed an elephant
 14816 | D:9      | Reached skill level 1 in Long Blades
 14979 | D:9      | Killed a guardian serpent
 14979 | D:9      | Reached skill level 1 in Fighting
 14990 | D:9      | Killed an elephant
 15361 | D:9      | Found a staircase to the Lair.
 15722 | D:9      | Found a blossoming altar of Fedhas.
 15727 | D:9      | Reached XP level 11. HP: 51/65 MP: 10/22
 15984 | D:9      | Offered knowledge of Dazzling Spray by Vehumet.
 16299 | D:10     | Entered Level 10 of the Dungeon
 16355 | D:10     | Found a basalt altar of Yredelemnul.
 16416 | D:10     | Acquired Vehumet's second power
 16813 | D:10     | Offered knowledge of Iskenderun's Mystic Blast by Vehumet.
 17042 | D:11     | Reached skill level 5 in Air Magic
 17063 | D:11     | Found Rag Idel's General Store.
 17070 | D:11     | Bought a potion of resistance for 160 gold pieces
 17215 | D:11     | Found a frozen archway.
 17236 | D:11     | Acquired Vehumet's third power
 17377 | IceCv    | Entered an ice cave
 17435 | IceCv    | Learned a level 3 spell: Mephitic Cloud
 17745 | IceCv    | Noticed an ice statue
 18043 | IceCv    | Killed an ice statue
 18076 | IceCv    | Reached skill level 5 in Long Blades
 18150 | IceCv    | Offered knowledge of Lee's Rapid Deconstruction by Vehumet.
 18150 | IceCv    | Reached skill level 5 in Dodging
 18282 | IceCv    | Reached skill level 5 in Spellcasting
 18934 | IceCv    | Reached XP level 12. HP: 62/76 MP: 28/28
 19054 | IceCv    | Reached skill level 5 in Fighting
 19420 | IceCv    | Noticed a frost giant
 19420 | IceCv    | Noticed a death yak
 19420 | IceCv    | Noticed a death yak
 19703 | IceCv    | Learned a level 3 spell: Conjure Flame
 19724 | IceCv    | Killed a death yak
 19793 | IceCv    | Killed a death yak
 19960 | IceCv    | Killed a frost giant
 20180 | IceCv    | Got a steaming scale mail
 20223 | D:11     | Identified the +1 scale mail of Analysis {MR+ Regen+ Str+4 Dex-2} (You found it in an ice cave)
 20249 | D:11     | Noticed a tengu warrior
 20250 | D:11     | Noticed Josephine
 20430 | D:11     | Reached skill level 1 in Armour
 20512 | D:11     | Reached skill level 1 in Shields
 20838 | D:11     | Killed a tengu warrior
 21137 | D:11     | Killed Josephine
 21489 | D:11     | Noticed a seven-headed hydra
 21494 | D:11     | Killed a seven-headed hydra
 21776 | Lair:1   | Entered Level 1 of the Lair of Beasts
 21819 | Lair:1   | Noticed Gastronok
 21855 | Lair:1   | Killed Gastronok
 22092 | Lair:1   | Offered knowledge of Conjure Ball Lightning by Vehumet.
 22100 | Lair:1   | Learned a level 6 spell: Conjure Ball Lightning
 22111 | Lair:1   | Reached XP level 13. HP: 84/84 MP: 27/32
 22836 | Lair:1   | Found an iron altar of Okawaru.
 24994 | Lair:3   | Offered knowledge of Lightning Bolt by Vehumet.
 26220 | Lair:3   | Got a smoking robe
 26232 | Lair:3   | Identified the cursed -4 robe of the Hall of Blades {rCorr} (You found it on level 3 of the Lair of Beasts)
 26519 | Lair:4   | Got a flickering jade ring
 26624 | Lair:4   | Identified the ring "Iguef" {MP+9 Str+3 Int+4} (You found it on level 4 of the Lair of Beasts)
 26748 | Lair:4   | Noticed Maud
 26770 | Lair:4   | Killed Maud
 26770 | Lair:4   | Reached skill level 10 in Air Magic
 26906 | Lair:4   | Got a scorched mace {drain}
 26907 | Lair:4   | Identified the +6 mace of Skopnit {drain, +Inv rN+ MR+ Int-4} (You took it off a merfolk on level 4 of the Lair of Beasts)
 27080 | Lair:4   | Reached skill level 10 in Spellcasting
 27518 | Lair:4   | Found a staircase to the Snake Pit.
 27744 | Lair:4   | Reached XP level 14. HP: 93/93 MP: 34/34
 27814 | Lair:4   | Found a staircase to the Shoals.
 27858 | Lair:4   | Learned a level 4 spell: Control Teleport
 27950 | Lair:4   | Noticed Erica
 27955 | Lair:4   | Killed Erica
 28006 | Lair:4   | Reached skill level 1 in Charms
 28954 | Lair:5   | Offered knowledge of Fireball by Vehumet.
 29936 | Lair:6   | Found a viscous altar of Jiyva.
 29938 | Lair:6   | Found a staircase to the Slime Pits.
 30499 | Lair:6   | Found a staircase to the Shoals.
 30813 | Lair:7   | Offered knowledge of Ozocubu's Refrigeration by Vehumet.
 30848 | Lair:6   | Learned a level 6 spell: Ozocubu's Refrigeration
 31012 | Lair:6   | Reached skill level 10 in Dodging
 31705 | Lair:8   | Entered Level 8 of the Lair of Beasts
 32138 | Lair:8   | Learned a level 3 spell: Regeneration
 32743 | Lair:8   | Reached XP level 15. HP: 77/101 MP: 32/36
 32748 | Lair:8   | Noticed Fannar
 32764 | Lair:8   | Killed Fannar
 33224 | Lair:8   | Learned a level 1 spell: Apportation
 34268 | Orc:1    | Entered Level 1 of the Orcish Mines
 34405 | Orc:1    | Found Garhahua's Magic Scroll Boutique.
 34414 | Orc:1    | Bought a scroll of identify for 30 gold pieces
 34414 | Orc:1    | Bought a scroll of identify for 30 gold pieces
 34414 | Orc:1    | Bought a scroll of identify for 30 gold pieces
 34414 | Orc:1    | Bought a scroll of enchant weapon for 112 gold pieces
 35503 | Orc:3    | Noticed Donald
 35510 | Orc:3    | Killed Donald
 35510 | Orc:3    | Reached skill level 13 in Air Magic
 35526 | Orc:3    | Found a white marble altar of Elyvilon.
 35762 | Orc:4    | Entered Level 4 of the Orcish Mines
 35767 | Orc:4    | Offered knowledge of Bolt of Cold by Vehumet.
 36103 | Orc:4    | Found a roughly hewn altar of Beogh.
 36116 | Orc:4    | Found Getiahea's Armour Boutique.
 36355 | Orc:4    | Found Wipuagri's Armour Boutique.
 36355 | Orc:4    | Found Ochat's Gadget Boutique.
 36474 | Orc:4    | Found Stuom's Gadget Shoppe.
 36475 | Orc:4    | Found Frutif's Jewellery Shoppe.
 36514 | Orc:4    | Bought the amulet "Patorgha" {+Rage Int+4} for 831 gold pieces
 36655 | Orc:4    | Found a staircase to the Elven Halls.
 36983 | Elf:1    | Entered Level 1 of the Elven Halls
 36986 | Elf:1    | Noticed Azrael
 36990 | Elf:1    | Offered knowledge of Bolt of Fire by Vehumet.
 37008 | Elf:1    | Killed Azrael
 37288 | Elf:1    | Noticed Roxanne
 37493 | D:12     | Found Cafug's Elemental Accessories.
 37504 | D:12     | Bought Bliwkerph's Handbook of Lightness and Damage Dealing for 562 gold pieces
 37512 | D:12     | Learned a level 6 spell: Freezing Cloud
 37927 | D:12     | Found a glowing golden altar of the Shining One.
 38336 | D:12     | Reached skill level 14 in Air Magic
 39222 | D:13     | Offered knowledge of Poisonous Cloud by Vehumet.
 39309 | D:13     | Reached XP level 16. HP: 108/108 MP: 37/37
 39740 | D:13     | Reached skill level 5 in Armour
 39746 | D:13     | Found a gate to the Vaults.
 40124 | D:14     | Found a shadowy altar of Dithmenos.
 40149 | D:14     | Found Suicwumore's Magic Scroll Shop.
 40161 | D:14     | Gained mutation: You heal slowly when monsters are visible. [mutagenic meat]
 40163 | D:14     | Gained mutation: Your system is resistant to poisons. [mutagenic meat]
 40165 | D:14     | Gained mutation: You are partially covered in rugged brown scales (AC +1, +3% HP). [mutagenic meat]
 40173 | D:14     | Bought a scroll of identify for 24 gold pieces
 40173 | D:14     | Bought a scroll of identify for 24 gold pieces
 40173 | D:14     | Bought a scroll of brand weapon for 240 gold pieces
 40173 | D:14     | Bought a scroll of identify for 24 gold pieces
 40234 | D:14     | Found a bloodstained altar of Trog.
 40241 | D:14     | Reached skill level 15 in Air Magic
 40335 | D:14     | Reached skill level 10 in Fighting
 40517 | D:14     | Offered knowledge of Lehudib's Crystal Spear by Vehumet.
 40517 | D:14     | Offered knowledge of Fire Storm by Vehumet.
 40517 | D:14     | Offered knowledge of Chain Lightning by Vehumet.
 40671 | D:15     | Entered Level 15 of the Dungeon
 41293 | D:15     | Found a staircase to the Depths.
 42245 | Snake:1  | Entered Level 1 of the Snake Pit
 42256 | Snake:1  | Reached skill level 16 in Air Magic
 42854 | Snake:1  | Found a bloodstained altar of Trog.
 43174 | Snake:2  | Noticed Vashnia
 43212 | Snake:2  | Killed Vashnia
 43517 | Snake:2  | Reached XP level 17. HP: 120/120 MP: 38/38
 43884 | Snake:2  | Reached skill level 17 in Air Magic
 44534 | Snake:2  | Reached skill level 1 in Evocations
 44784 | Snake:3  | Noticed Rupert
 44797 | Snake:3  | Killed Rupert
 44860 | Snake:3  | Found a shadowy altar of Dithmenos.
 45220 | Snake:3  | Noticed Wiglaf
 45388 | Snake:3  | Killed Wiglaf
 46586 | Snake:4  | Reached skill level 5 in Evocations
 47057 | Snake:4  | Reached skill level 18 in Air Magic
 47253 | Snake:4  | Noticed Frances
 47262 | Snake:4  | Killed Frances
 47350 | Snake:4  | Noticed Kirke
 47353 | Snake:4  | Killed Kirke
 47664 | Snake:5  | Entered Level 5 of the Snake Pit
 47916 | Snake:5  | Noticed Saint Roka
 47946 | Snake:5  | Killed Saint Roka
 48697 | Snake:5  | Reached XP level 18. HP: 71/125 MP: 37/39
 48720 | Snake:5  | Learned a level 9 spell: Tornado
 49359 | Snake:5  | Reached skill level 19 in Air Magic
 49789 | Snake:5  | Reached skill level 10 in Armour
 50118 | Snake:5  | Reached skill level 10 in Evocations
 50435 | Snake:5  | Got a serpentine rune of Zot
 50648 | Snake:3  | Gained mutation: You tend to lose your temper in combat. [potion of mutation]
 51101 | D:14     | Lost mutation: You tend to lose your temper in combat. [potion of mutation]
 51101 | D:14     | Gained mutation: You have large cloven feet. [potion of mutation]
 51101 | D:14     | Gained mutation: Your mind is acute. (Int +2) [potion of mutation]
 51529 | Shoals:1 | Entered Level 1 of the Shoals
 51753 | Shoals:1 | Reached skill level 20 in Air Magic
 52156 | Shoals:1 | Upgraded the game from 0.16-a0-4020-g6ff35b5 to 0.16-a0-4023-g001212b
 53060 | Shoals:2 | Reached XP level 19. HP: 130/130 MP: 39/39
 53486 | Shoals:2 | Found Schoah Aca's Magic Scroll Emporium.
 53495 | Shoals:2 | Bought a scroll of magic mapping for 63 gold pieces
 53495 | Shoals:2 | Bought a scroll of magic mapping for 63 gold pieces
 53495 | Shoals:2 | Bought a scroll of acquirement for 936 gold pieces
 53504 | Shoals:2 | Got an ancient helmet
 53505 | Shoals:2 | Identified the +2 helmet of Too Many Cooks {Str+2 Int+3 Stlth-} (You acquired it on level 2 of the Shoals)
 54242 | Shoals:3 | Found Arirch Ifaank's Book Shoppe.
 54858 | Shoals:4 | Found Muafiad's Gadget Shoppe.
 54881 | Shoals:4 | Reached skill level 21 in Air Magic
 55192 | Shoals:5 | Entered Level 5 of the Shoals
 55339 | Shoals:5 | Noticed Ilsuiw
 55374 | Shoals:5 | Killed Ilsuiw
 56458 | Shoals:5 | Reached skill level 22 in Air Magic
 56716 | Shoals:5 | Got a barnacled rune of Zot
 57360 | Vaults:1 | Entered Level 1 of the Vaults
 58136 | Vaults:1 | Reached skill level 23 in Air Magic
 58161 | Vaults:1 | Reached XP level 20. HP: 138/138 MP: 24/40
 59534 | Vaults:2 | Reached skill level 24 in Air Magic
 61518 | Vaults:2 | Gained mutation: You are somewhat resistant to both further mutation and mutation removal. [mutagenic meat]
 62397 | Vaults:3 | Reached skill level 25 in Air Magic
 62509 | Vaults:3 | Gained mutation: Your muscles are strong. (Str +2) [mutagenic meat]
 62625 | Vaults:3 | Lost mutation: You are partially covered in rugged brown scales (AC +1, +3% HP). [mutagenic meat]
 62847 | Vaults:3 | Found a staircase to the Crypt.
 63113 | Vaults:3 | Reached XP level 21. HP: 132/139 MP: 26/41
 63220 | Vaults:3 | Got a translucent morningstar
 63221 | Vaults:3 | Identified the cursed +0 morningstar of Kismet {venom, Str+4} (You found it on level 3 of the Vaults)
 63572 | Vaults:3 | Gained mutation: You are partially covered in rugged brown scales (AC +1, +3% HP). [mutagenic meat]
 64116 | Vaults:4 | Gained mutation: You have difficulty communicating with the divine. [mutagenic meat]
 65158 | Vaults:4 | Reached skill level 26 in Air Magic
 65776 | Vaults:4 | Gained mutation: Your mind is very acute. (Int +4) [potion of beneficial mutation]
 65850 | Vaults:5 | Entered Level 5 of the Vaults
 65922 | Vaults:5 | Reached XP level 22. HP: 136/148 MP: 13/42
 66358 | Vaults:5 | Reached skill level 15 in Spellcasting
 66501 | Vaults:5 | Gained mutation: Your spells are a little harder to cast, but a little more powerful. [mutagenic meat]
 66510 | Vaults:5 | Lost mutation: Your spells are a little harder to cast, but a little more powerful. [mutagenic meat]
 66650 | Vaults:5 | Drew Focus: Int increased to 31, Str decreased to 6
 66669 | Vaults:5 | Got a translucent dagger
 66670 | Vaults:5 | Identified the +4 dagger of Cios {pain, *Rage +Blink MP+9 SInv} (You found it on level 5 of the Vaults)
 66815 | Vaults:5 | Got a silver rune of Zot
 66826 | Vaults:5 | Got a warped granite ring
 66828 | Vaults:5 | Identified the ring "Roneih" {rF+ rC+ MR- MP+9 Int+3 Dex+5} (You found it on level 5 of the Vaults)
 67074 | Vaults:5 | Learned a level 7 spell: Orb of Destruction
 67542 | Vaults:5 | Got a jasper-encrusted chain mail
 67553 | Vaults:5 | Identified the +6 chain mail of Duotz {rC+ rCorr Str-5 Dex+5} (You took it off a vault warden on level 5 of the Vaults)
 67653 | Vaults:5 | Lost mutation: Your muscles are strong. (Str +2) [mutagenic meat]
 67655 | Vaults:5 | Gained mutation: You expend magic power (3 MP) to slightly strengthen your wands. [mutagenic meat]
 67657 | Vaults:5 | Lost mutation: You expend magic power (3 MP) to slightly strengthen your wands. [potion of cure mutation]
 67657 | Vaults:5 | Lost mutation: You are somewhat resistant to both further mutation and mutation removal. [potion of cure mutation]
 67657 | Vaults:5 | Lost mutation: You are partially covered in rugged brown scales (AC +1, +3% HP). [potion of cure mutation]
 67658 | Vaults:5 | Lost mutation: You heal slowly when monsters are visible. [potion of cure mutation]
 67658 | Vaults:5 | Lost mutation: You have difficulty communicating with the divine. [potion of cure mutation]
 67658 | Vaults:5 | Lost mutation: You have large cloven feet. [potion of cure mutation]
 67658 | Vaults:5 | Lost mutation: Your mind is very acute. (Int +4) [potion of cure mutation]
 67658 | Vaults:5 | Lost mutation: Your mind is acute. (Int +2) [potion of cure mutation]
 68085 | Vaults:5 | Found Psorphub's Antique Armour Shop.
 68472 | Vaults:5 | Bought a distressingly furry robe for 267 gold pieces
 68482 | Vaults:5 | Identified the cursed -3 robe "Tecoaqesuo" {rPois rF+ Str-3 Slay-6 Stlth+} (You bought it in a shop on level 5 of the Vaults)
 68526 | Vaults:5 | Found Ohenef's Jewellery Shop.
 68988 | Depths:1 | Entered Level 1 of the Depths
 69016 | Depths:1 | Noticed Margery
 69033 | Depths:1 | Killed Margery
 69093 | Depths:1 | Found a gateway to Hell.
 69212 | Depths:1 | Noticed Mara
 69218 | Depths:1 | Noticed Ololoev's illusion
 69778 | Elf:1    | Reached XP level 23. HP: 155/155 MP: 43/43
 70230 | Elf:1    | Killed Roxanne
 70381 | Elf:2    | Found a runed gate.
 70382 | Elf:2    | Found a runed gate.
 70384 | Elf:2    | Found a runed gate.
 70389 | Elf:2    | Got a pitted battleaxe
 70391 | Elf:2    | Identified the cursed +2 battleaxe "Klaussegh" {drain, Contam rPois rF+ MP+9 Int+5} (You found it on level 2 of the Elven Halls)
 70483 | Elf:2    | Got a smoking turquoise ring
 70488 | Elf:2    | Identified the ring of Nyesix {Fire MR+ Int+3} (You found it on level 2 of the Elven Halls)
 70664 | Elf:2    | Got a crude buckler
 70675 | Elf:2    | Identified the -3 buckler "Lynnusch" {rC+ rN+} (You acquired it on level 2 of the Elven Halls)
 70799 | Elf:3    | Entered Level 3 of the Elven Halls
 71621 | Elf:3    | Got a slimy trident
 71622 | Elf:3    | Identified the +6 trident of the Median {flame, MP+9 Str+4 Int-2 SInv} (You found it on level 3 of the Elven Halls)
 71628 | Elf:3    | Got a jewelled morningstar
 71629 | Elf:3    | Identified the +1 morningstar "Yler" {drain, +Rage rF+ rC+} (You found it on level 3 of the Elven Halls)
 71632 | Elf:3    | Got an ancient brass amulet
 71634 | Elf:3    | Identified the amulet of Deumeuxo {Gourm rC- Str+3 Int+6} (You found it on level 3 of the Elven Halls)
 71645 | Elf:3    | Identified the Handbook of Attacks
 71668 | Elf:3    | Got an ichor-stained falchion
 71674 | Elf:3    | Identified the -1 falchion "Cuelufeo" {vamp, rPois rN+ MR+} (You found it on level 3 of the Elven Halls)
 71685 | Elf:3    | Got a dazzling hand axe
 71686 | Elf:3    | Identified the +7 hand axe "Vuarch" {speed, Int+4} (You found it on level 3 of the Elven Halls)
 71706 | Elf:3    | Got a smoking falchion
 71707 | Elf:3    | Identified the cursed -1 falchion of Eternal Vigilance {slice, MP+9 Str+7 Dex-4} (You found it on level 3 of the Elven Halls)
 71830 | Elf:3    | Reached skill level 15 in Conjurations
 71994 | Elf:3    | Learned a level 4 spell: Airstrike
 71998 | Elf:3    | Learned a level 3 spell: Flight
 72563 | Elf:3    | Lost mutation: Your system is resistant to poisons. [mutagenic meat]
 73052 | Elf:3    | Got a spiked buckler
 73063 | Elf:3    | Identified the +2 buckler of the Bagpipe {rPois rCorr SInv} (You took it off a deep elf mage on level 3 of the Elven Halls)
 73356 | Elf:3    | Gained mutation: Your magical capacity is low (-10% MP). [potion of mutation]
 73356 | Elf:3    | Gained mutation: Scrolls take you a little longer to read. [potion of mutation]
 73357 | Elf:3    | Lost mutation: Scrolls take you a little longer to read. [potion of cure mutation]
 73357 | Elf:3    | Lost mutation: Your magical capacity is low (-10% MP). [potion of cure mutation]
 73357 | Elf:3    | Lost mutation: You are somewhat resistant to further mutation. [potion of cure mutation]
 74155 | Depths:1 | Noticed Asterion
 74162 | Depths:1 | Killed Asterion
 74312 | Depths:1 | Noticed Agnes
 74315 | Depths:1 | Killed Agnes
 74458 | Depths:1 | Gained mutation: Your muscles are strong. (Str +2) [mutagenic meat]
 74459 | Depths:1 | Lost mutation: Your muscles are strong. (Str +2) [mutagenic meat]
 74460 | Depths:1 | Gained mutation: You are weak. (Str -2) [mutagenic meat]
 74462 | Depths:1 | Gained mutation: Your magical capacity is low (-10% MP). [mutagenic meat]
 74464 | Depths:1 | Gained mutation: Scrolls take you a little longer to read. [mutagenic meat]
 74465 | Depths:1 | Lost mutation: You are weak. (Str -2) [potion of cure mutation]
 74465 | Depths:1 | Lost mutation: Your magical capacity is low (-10% MP). [potion of cure mutation]
 74465 | Depths:1 | Lost mutation: Scrolls take you a little longer to read. [potion of cure mutation]
 74466 | Depths:1 | Gained mutation: You are partially covered in yellow scales (AC +2). [mutagenic meat]
 74467 | Depths:1 | Gained mutation: Your magical capacity is low (-10% MP). [mutagenic meat]
 74468 | Depths:1 | Gained mutation: You are robust (+10% HP). [mutagenic meat]
 75592 | Depths:2 | Reached XP level 24. HP: 149/178 MP: 39/39
 75864 | Depths:2 | Reached skill level 5 in Shields
 75910 | Depths:2 | Gained mutation: You are weak. (Str -2) [mutagenic meat]
 75912 | Depths:2 | Gained mutation: You are resistant to hostile enchantments. [mutagenic meat]
 76349 | Depths:2 | Found a one-way gate leading to the halls of Pandemonium.
 76530 | Depths:2 | Lost mutation: You are robust (+10% HP). [mutagenic meat]
 76531 | Depths:2 | Gained mutation: You are very weak. (Str -4) [mutagenic meat]
 76532 | Depths:2 | Gained mutation: You possess an exceptional clarity of mind. [mutagenic meat]
 76533 | Depths:2 | Gained mutation: Armour fits poorly on your strangely shaped body. [mutagenic meat]
 76534 | Depths:2 | Gained mutation: You occasionally shout uncontrollably at your foes. [mutagenic meat]
 76535 | Depths:2 | Lost mutation: You are very weak. (Str -4) [potion of cure mutation]
 76535 | Depths:2 | Lost mutation: You occasionally shout uncontrollably at your foes. [potion of cure mutation]
 76535 | Depths:2 | Lost mutation: You are weak. (Str -2) [potion of cure mutation]
 76535 | Depths:2 | Lost mutation: Your magical capacity is low (-10% MP). [potion of cure mutation]
 76535 | Depths:2 | Lost mutation: You are resistant to hostile enchantments. [potion of cure mutation]
 76535 | Depths:2 | Lost mutation: You are partially covered in yellow scales (AC +2). [potion of cure mutation]
 76803 | Depths:3 | Noticed Jorgrun
 76806 | Depths:3 | Killed Jorgrun
 78633 | Depths:3 | Learned a level 9 spell: Fire Storm
 78688 | Depths:3 | Reached skill level 1 in Fire Magic
 78878 | Depths:3 | Got a dazzling short sword
 78880 | Depths:3 | Got a crude short sword
 78881 | Depths:3 | Identified the +9 short sword of Xett {elec, rPois Str+3} (You found it on level 3 of the Depths)
 78882 | Depths:3 | Identified the +3 short sword of Death's Door {pierce, rElec rC- Str+2} (You found it on level 3 of the Depths)
 79062 | Depths:4 | Found a one-way gate to the infinite horrors of the Abyss.
 79215 | Depths:4 | Found a flickering gateway to a bazaar.
 79230 | Bazaar   | Entered a bazaar
 79255 | Bazaar   | Found Tonaskea's Gadget Shoppe.
 79260 | Bazaar   | Found Diehogh's Gadget Boutique.
 79263 | Bazaar   | Bought a legendary deck of wonders for 182 gold pieces
 79266 | Bazaar   | Found Skaepsor's Magic Scroll Shoppe.
 79276 | Bazaar   | Bought a scroll of identify for 18 gold pieces
 79276 | Bazaar   | Bought a scroll of identify for 18 gold pieces
 79276 | Bazaar   | Bought a scroll of identify for 18 gold pieces
 79276 | Bazaar   | Bought a scroll of identify for 18 gold pieces
 79279 | Bazaar   | Found Utsaliuq's Book Shoppe.
 79287 | Bazaar   | Bought a book of Annihilations for 1435 gold pieces
 79480 | Depths:4 | Reached skill level 5 in Fire Magic
 79620 | Depths:4 | Reached XP level 25. HP: 123/167 MP: 40/45
 80862 | Depths:5 | Entered Level 5 of the Depths
 80999 | Depths:5 | Gained mutation: You are agile. (Dex +2) [mutagenic meat]
 81091 | Depths:5 | Found a gateway to a ziggurat.
 81115 | Depths:5 | Reached skill level 10 in Fire Magic
 81209 | Depths:5 | Gained mutation: Your body is slowly deteriorating. [mutagenic meat]
 82143 | Depths:5 | Found a gate to the Realm of Zot.
 83296 | Slime:1  | Entered Level 1 of the Pits of Slime
 83305 | Slime:1  | Lost mutation: You are agile. (Dex +2) [potion of cure mutation]
 83305 | Slime:1  | Lost mutation: You possess an exceptional clarity of mind. [potion of cure mutation]
 83305 | Slime:1  | Lost mutation: Your body is slowly deteriorating. [potion of cure mutation]
 83305 | Slime:1  | Lost mutation: Armour fits poorly on your strangely shaped body. [potion of cure mutation]
 83385 | Slime:4  | Gained mutation: Potions and wands are less effective at restoring your health. [a shining eye]
 83479 | Slime:6  | Entered Level 6 of the Pits of Slime
 83508 | Slime:6  | Gained mutation: Scrolls take you a little longer to read. [a shining eye]
 83563 | Slime:6  | Found a viscous altar of Jiyva.
 83565 | Slime:6  | Noticed the royal jelly
 83576 | Slime:6  | Reached XP level 26. HP: 173/173 MP: 46/46
 83606 | Slime:6  | Killed the royal jelly
 83732 | Slime:6  | Identified Sif Muna's Compendium of Unholy Rituals and Transmutation
 83735 | Slime:6  | Got a slimy rune of Zot
 83785 | Slime:6  | Identified the Catalogue of Enhancements
 84602 | Vaults:2 | Lost mutation: Scrolls take you a little longer to read. [potion of cure mutation]
 84602 | Vaults:2 | Lost mutation: Potions and wands are less effective at restoring your health. [potion of cure mutation]
 84868 | Vaults:5 | Noticed Boris
 84873 | Vaults:5 | Killed Boris
 85168 | Vaults:5 | Gained mutation: You possess an exceptional clarity of mind. [mutagenic meat]
 86701 | Depths:1 | Noticed Ololoev's illusion
 86763 | Depths:1 | Killed Mara
 86931 | Zig:1    | Entered Level 1 of a ziggurat
 86958 | Zig:2    | Entered Level 2 of a ziggurat
 86993 | Zig:3    | Entered Level 3 of a ziggurat
 87072 | Zig:4    | Entered Level 4 of a ziggurat
 87081 | Zig:4    | Reached skill level 15 in Fire Magic
 87103 | Zig:5    | Entered Level 5 of a ziggurat
 87177 | Zig:6    | Entered Level 6 of a ziggurat
 87191 | Zig:6    | Got a bloodstained ring mail
 87202 | Zig:6    | Identified the +0 ring mail of Lies {rC- Int+10} (You found it on level 6 of a ziggurat)
 87242 | Zig:7    | Entered Level 7 of a ziggurat
 87275 | Zig:7    | Got a crude turquoise ring
 87277 | Zig:7    | Identified the ring "Stytathe" {+/*Tele +Blink +Inv MP+9} (You found it on level 7 of a ziggurat)
 87376 | Zig:8    | Entered Level 8 of a ziggurat
 87432 | Zig:9    | Entered Level 9 of a ziggurat
 87461 | Zig:9    | Got a scintillating copper amulet
 87463 | Zig:9    | Identified the amulet of the Moon {Spirit SInv} (You found it on level 9 of a ziggurat)
 87509 | Zig:9    | Got a brightly glowing golden ring
 87511 | Zig:9    | Identified the ring of Irrepressible Laughter {Int+5 Stlth+} (You found it on level 9 of a ziggurat)
 87569 | Zig:10   | Entered Level 10 of a ziggurat
 87579 | Zig:10   | Noticed Goix the pandemonium lord
 87584 | Zig:10   | Killed Goix the pandemonium lord
 87631 | Zig:11   | Entered Level 11 of a ziggurat
 87644 | Zig:11   | Gained mutation: Scrolls take you a little longer to read. [a shining eye]
 87680 | Zig:11   | Reached skill level 10 in Shields
 87680 | Zig:11   | Reached XP level 27. HP: 178/178 MP: 37/46
 87684 | Zig:11   | Identified Sif Muna's Catalogue of Lightness
 87693 | Zig:11   | Learned a level 6 spell: Deflect Missiles
 87773 | Zig:12   | Entered Level 12 of a ziggurat
 87819 | Zig:12   | Got a shimmering silver ring
 87826 | Zig:12   | Identified the ring "Qatwunt" {rF+ Dex+2} (You found it on level 12 of a ziggurat)
 87889 | Zig:13   | Entered Level 13 of a ziggurat
 87949 | Zig:13   | Got a shimmering lapis lazuli ring
 87955 | Zig:13   | Identified the ring of Morality {+Inv rElec rC+ Str+3} (You found it on level 13 of a ziggurat)
 87971 | Zig:13   | Got a steaming copper ring
 87973 | Zig:13   | Identified the ring "Asmiclorgh" {-Cast rC+ Int+4 Dex+7} (You found it on level 13 of a ziggurat)
 87990 | Zig:14   | Entered Level 14 of a ziggurat
 88191 | Zig:14   | Got a warped ivory ring
 88192 | Zig:14   | Identified the ring of Zoych {Ice rElec} (You found it on level 14 of a ziggurat)
 88223 | Zig:15   | Entered Level 15 of a ziggurat
 88344 | Zig:15   | Got a shimmering buckler
 88355 | Zig:15   | Identified the -4 buckler of Fortification {+Blink Dex+7} (You acquired it on level 15 of a ziggurat)
 88374 | Zig:16   | Entered Level 16 of a ziggurat
 88398 | Zig:16   | Upgraded the game from 0.16-a0-4023-g001212b to 0.16-a0-4038-ge07a62f
 88469 | Zig:16   | Got an ancient bone ring
 88471 | Zig:16   | Identified the ring "Frixec" {SustAb rPois Str+3 Dex-3} (You found it on level 16 of a ziggurat)
 88483 | Zig:16   | Identified the Guide on Orientation
 88544 | Zig:17   | Entered Level 17 of a ziggurat
 88547 | Zig:17   | Noticed Chiseanne's ghost (legendary MiFi)
 88556 | Zig:17   | Killed Chiseanne's ghost
 88619 | Zig:17   | HP: 8/178 [reaper/scythe of flaming[a mummy priest's death curse] (1)]
 88619 | Zig:17   | Slain by an emperor scorpion

Inventory:

Hand weapons
 b - the cursed +3 Elemental Staff (weapon) {rElec rF++ rC++ MR++ AC+5}
   (You found it on level 6 of a ziggurat)

   It affects your AC (+5).
   It greatly protects you from fire.
   It greatly protects you from cold.
   It insulates you from electricity.
   It affects your resistance to hostile enchantments.
   It has a curse placed upon it.
Armour
 d - a cursed +5 shield of reflection (worn)
 n - a cursed +2 pair of boots (worn)
 r - a cursed +2 cloak (worn)
 x - the cursed +1 scale mail of Analysis (worn) {MR+ Regen+ Str+4 Dex-2}
   (You found it in an ice cave)

   It affects your strength (+4).
   It affects your dexterity (-2).
   It affects your resistance to hostile enchantments.
   It increases your rate of regeneration.
   It has a curse placed upon it.
 I - a cursed +2 helmet of see invisible (worn)
 T - a cursed +2 pair of gloves of strength (worn)
Magical staves
 a - a cursed staff of energy
Jewellery
 k - the cursed macabre finger necklace (around neck) {Ward rN+}
   (You found it on level 16 of a ziggurat)

   [amulet of warding]

   It may prevent the melee attacks of summoned creatures.
   It protects you from negative energy.
   It has a curse placed upon it.
 m - a cursed ring of teleportation
 Y - the cursed ring of Nyesix (left hand) {Fire MR+ Int+3}
   (You found it on level 2 of the Elven Halls)

   [ring of fire]

   It enhances your fire magic, and weakens your ice magic.
   It affects your intelligence (+3).
   It protects you from fire.
   It makes you vulnerable to cold.
   It affects your resistance to hostile enchantments.
   It has a curse placed upon it.
 Z - the cursed ring of the Mage (right hand) {Wiz MR++ Int+3}
   (You found it on level 12 of a ziggurat)

   [ring of wizardry]

   It improves your spell success rate.
   It affects your intelligence (+3).
   It affects your resistance to hostile enchantments.
   It has a curse placed upon it.
Magical devices
 B - a wand of digging (5)
 E - a wand of disintegration (4)
 K - a wand of teleportation (3)
Scrolls
 e - 3 scrolls of summoning
 f - 13 scrolls of fog
 g - 6 scrolls of recharging
 h - 11 scrolls of blinking
 j - 26 scrolls of remove curse
 s - 4 scrolls of amnesia
 u - 19 scrolls of identify
 y - a scroll of immolation
 C - 15 scrolls of magic mapping
 H - 6 scrolls of enchant armour
 M - 6 scrolls of teleportation
 V - 11 scrolls of fear
Potions
 p - a potion of cure mutation
 t - 5 potions of heal wounds
 w - 14 potions of curing
 z - 7 potions of cancellation
 D - 5 potions of restore abilities
 F - 6 potions of flight
 L - 2 potions of resistance
 P - a potion of agility
 W - 2 potions of invisibility
Books
 U - a book of Annihilations

   Spells                             Type                      Level
   a - Poison Arrow                   Conjuration/Poison           6
   b - Chain Lightning                Conjuration/Air              8
   c - Lehudib's Crystal Spear        Conjuration/Earth            8
   d - Glaciate                       Conjuration/Ice              9
   e - Fire Storm                     Conjuration/Fire             9
Miscellaneous
 A - a lamp of fire
 N - an ornate deck of wonders {drawn: 4}
 O - a fan of gales
 Q - a legendary deck of wonders {Dowsing}
 X - a phial of floods
Comestibles
 c - 26 bread rations
 J - 29 fruits
 S - 21 meat rations

Table legend:
 A = Turns spent in this place as a percentage of turns spent in the entire game.
 B = Non-inter-level travel turns spent in this place as a percentage of non-inter-level travel turns spent in the entire game.
 C = Inter-level travel turns spent in this place as a percentage of turns spent in this place.
 D = Turns resting spent in this place as a percentage of non-inter-level travel turns spent in this place.
 E = Turns spent auto-exploring this place as a percentage of non-inter-level travel turns spent in this place.
 F = Non-inter-level travel turns spent in this place divided by the number of levels of this place that you've seen.
                   A       B       C       D       E      F
               +-------+-------+-------+-------+-------+----------------------
         Total | 100.0 | 100.0 |   0.8 |   8.8 |   8.8 | 302.1
       Dungeon |  20.9 |  20.7 |   1.6 |   9.6 |   9.8 | 324.9
        Temple |   0.1 |   0.1 |   4.2 |   0.0 |  13.0 |  23.0
          Lair |  11.4 |  11.4 |   0.9 |   7.2 |   8.7 | 335.0
        Shoals |   5.8 |   5.9 |   0.7 |  13.1 |  14.6 | 275.8
     Snake Pit |   8.2 |   8.2 |   0.8 |  13.5 |  12.8 | 386.0
    Slime Pits |   3.1 |   3.1 |   0.3 |   2.3 |   0.0 | 121.0
  Orcish Mines |   3.7 |   3.7 |   1.2 |   3.3 |  18.2 | 219.8
   Elven Halls |   5.9 |   5.9 |   0.9 |   7.8 |   9.2 | 462.3
        Vaults |  14.3 |  14.3 |   0.4 |  12.1 |  11.0 | 675.6
        Depths |  14.0 |  14.0 |   0.5 |   6.0 |   6.9 | 660.4
      Ziggurat |   5.8 |   5.8 |   0.0 |   2.8 |   0.6 |  80.8
        Bazaar |   0.4 |   0.4 |   0.0 |   0.0 |   1.1 |  90.0
       Ossuary |   1.6 |   1.6 |   0.0 |  14.7 |   0.3 | 382.0
        Bailey |   1.3 |   1.3 |   0.0 |   9.1 |   2.4 | 297.0
      Ice Cave |   3.6 |   3.7 |   0.0 |  11.3 |   0.6 | 860.0
               +-------+-------+-------+-------+-------+----------------------


   Skills:
 - Level 12.5 Fighting
   Level 8.0 Long Blades
 - Level 14.5 Armour
 - Level 12.3 Dodging
 - Level 2.1 Stealth
 * Level 14.3 Shields
 - Level 18.0 Spellcasting
 + Level 21.4 Conjurations
 - Level 2.7 Charms
 - Level 4.9 Translocations
 * Level 18.3 Fire Magic
   Level 14.8 Ice Magic
 - Level 26.6 Air Magic
 - Level 12.8 Evocations


You had 18 spell levels left.
You knew the following spells:

 Your Spells              Type           Power        Failure   Level  Hunger
a - Fire Storm            Conj/Fire      #########.   5%          9    ####...
b - Deflect Missiles      Chrm/Air       ########..   1%          6    None
c - Apportation           Tloc           #######...   1%          1    None
d - Blink                 Tloc           N/A          1%          2    None
f - Tornado               Air            ########..   1%          9    ####...
h - Orb of Destruction    Conj           ########..   1%          7    None
i - Airstrike             Air            ########..   0%          4    None
k - Flight                Chrm/Air       ########..   0%          3    None
l - Regeneration          Chrm/Necr      ######....   1%          3    None


Dungeon Overview and Level Annotations

Branches:
Dungeon (15/15)            Temple (1/1) D:7            Lair (8/8) D:9
 Shoals (5/5) Lair:6        Snake (5/5) Lair:4        Slime (6/6) Lair:6
    Orc (4/4) D:9             Elf (3/3) Orc:4        Vaults (5/5) D:13
  Crypt (0/3) Vaults:3     Depths (5/5) D:15            Zot (0/5) Depths:5

Altars:
Cheibriados
Dithmenos
Elyvilon
Fedhas
Gozag
Kikubaaqudgha
Nemelex Xobeh
Okawaru
Qazlal
Ru
Sif Muna
Trog
Vehumet
Xom
Yredelemnul
Zin
The Shining One
Beogh
Jiyva

Shops:
D:5 [   D:9 (   D:11 *   D:12 *   D:14 ?   Orc:1 ?   Orc:4 }[=}[   Shoals:2 ?
Shoals:3 :   Shoals:4 }   Vaults:5 [=

Portals:
Hell: Depths:1 Depths:2 Depths:3 Depths:4 Depths:5
Abyss: Depths:4
Pandemonium: Depths:2 Depths:3 Depths:4

Annotations:
Elf:2 3 runed doors


Innate Abilities, Weirdness & Mutations

Scrolls take you a little longer to read.
You possess an exceptional clarity of mind.


Message History

Your fire vortex dissipates!
Drink which item? (? for menu, Esc to quit)
You feel much better.
The death scarab disappears in a puff of smoke!
The anubis guard is engulfed in roaring flames.
The greater mummy calls on the powers of darkness!
The mana viper convulses! x2
The emperor scorpion convulses!
Your body is wracked with pain!
The emperor scorpion convulses!
The mummy priest mumbles some strange prayers to its god against the red devil.
Something smites you!
The mana viper is engulfed in roaring flames.
You kill the mana viper!
The flayed ghost cries, "Suffer as I suffered!"
The anubis guard howls a hunting cry!
You block the reaper's attack.
The emperor scorpion is engulfed in roaring flames.
The greater mummy gestures wildly while chanting.
A titan zombie comes into view.
Read which item? (? for menu, Esc to quit)
The emperor scorpion disappears in a puff of smoke!
The jiangshi is engulfed in roaring flames.
The greater mummy calls on the powers of darkness!
The mana viper convulses! x2
The emperor scorpion convulses! x2
Your body is wracked with pain!
The emperor scorpion convulses!
The emperor scorpion convulses! x3
The anubis guard is engulfed in roaring flames.
You block the jiangshi's attack. The jiangshi closely misses you.
The emperor scorpion is engulfed in roaring flames.
You begin reading the scroll.
You continue reading the scroll.
You block the jiangshi's attack. The jiangshi claws you!
You block the mana viper's attack.
Your fire vortex is smitten.
The reaper hits you from afar with a scythe of flaming.
The soul eater closely misses you.
The anubis guard howls a hunting cry!
The anubis guard is engulfed in roaring flames.
The emperor scorpion stings you!
You die...

. ....
▓▓▓▓▓▓▓▓▓▓v....
▓.............S.
▓.....v.......M..
▓........%...)M.V
▓.......§.....H§s
▓.......§.SVv§###z
▓∩.%....3@VMs.#.#M
▓.........s.sHW##3
▓.......2.H)MW)z§
▓............sB§.
▓............3.).
▓............s..
▓▓▓▓▓▓▓▓▓▓.....
.... ..


You could see 2 greater mummies, 6 emperor scorpions, a reaper, a mummy priest,
3 jiangshi, a soul eater, a flayed ghost, 2 mana vipers, 3 anubis guards, a
guardian mummy, a freezing wraith, a ynoxinul, a chaos spawn, a death scarab, a
mummy, 2 wights and 3 friendly fire vortices.

Table legend:
 A = Kills in this place as a percentage of kills in entire the game.
 B = Kills by you in this place as a percentage of kills by you in the entire game.
 C = Kills by friends in this place as a percentage of kills by friends in the entire game.
 D = Other kills in this place as a percentage of other kills in the entire game.
 E = Experience gained in this place as a percentage of experience gained in the entire game.
 F = Experience gained in this place divided by the number of levels of this place that you have seen.
                   A       B       C       D       E      F
               +-------+-------+-------+-------+-------+----------------------
         Total | 100.0 | 100.0 | 100.0 | 100.0 | 100.0 | 21184.2
       Dungeon |  15.8 |  15.4 |  48.1 |   0.0 |   4.3 | 4742.1
          Lair |  11.4 |  11.4 |   5.8 |  33.3 |   4.8 | 9973.1
        Shoals |   6.2 |   6.3 |   0.0 |   0.0 |   6.3 | 20896.6
     Snake Pit |   8.4 |   8.5 |   0.0 |   0.0 |   9.7 | 31913.0
    Slime Pits |   2.9 |   3.0 |   1.9 |   0.0 |   4.2 | 11444.2
  Orcish Mines |   6.3 |   6.4 |   0.0 |   0.0 |   0.9 | 3619.8
   Elven Halls |   5.0 |   5.1 |   0.0 |   0.0 |   6.2 | 34149.3
        Vaults |  16.8 |  17.1 |   0.0 |   0.0 |  25.0 | 82658.4
        Depths |  12.4 |  12.7 |   0.0 |   0.0 |  22.4 | 74029.0
      Ziggurat |  11.2 |  10.7 |  42.3 |  16.7 |  15.3 | 14896.4
       Ossuary |   1.0 |   1.0 |   0.0 |   0.0 |   0.0 | 611.0
        Bailey |   0.9 |   1.0 |   0.0 |   0.0 |   0.0 | 215.0
      Ice Cave |   1.7 |   1.5 |   1.9 |  50.0 |   0.9 | 14313.0
               +-------+-------+-------+-------+-------+----------------------

Vanquished Creatures
  the royal jelly (Slime:6)
  The ghost of Chiseanne the Minotaur Barricade, a legendary MiFi of Makhleb (Zig:17)
  A pandemonium lord (Zig:10)
  7 greater mummies
  Boris (Vaults:5)
  A shard shrike (Zig:7)
  Margery (Depths:1)
  4 caustic shrikes (Depths:4)
  Saint Roka (Snake:5)
  Mara (Depths:1)
  2 Killer Klowns (Zig:10)
  3 golden dragons
  A bone dragon (Zig:5)
  13 liches
  6 tentacled monstrosities
  Vashnia (Snake:2)
  A quicksilver dragon (Vaults:5)
  3 titans (Vaults:5)
  Asterion (Depths:1)
  6 deep elf master archers
  16 acid blobs
  2 deep elf blademasters (Elf:3)
  A tentacled starspawn (Zig:2)
  A kraken (Shoals:5)
  3 sphinxes
  An octopode crusher (Depths:5)
  10 tengu reavers
  A sphinx (shapeshifter) (Zig:10)
  Rupert (Snake:3)
  Agnes (Depths:1)
  9 shadow dragons
  Kirke (Snake:4)
  Frances (Snake:4)
  8 storm dragons
  A revenant (Zig:3)
  Roxanne (Elf:1)
  16 azure jellies
  13 fire giants
  Ilsuiw (Shoals:5)
  A frost giant (shapeshifter) (Zig:10)
  Donald (Orc:3)
  11 greater nagas
  Wiglaf (Snake:3)
  Maud (Lair:4)
  14 deep elf sorcerers
  12 frost giants
  An iron dragon (Vaults:5)
  14 vault wardens
  A draconian knight (Depths:5)
  A curse skull (Depths:2)
  2 ghost moths (Zig:6)
  3 orc warlords (Zig:16)
  Gastronok (Lair:1)
  7 emperor scorpions
  Jorgrun (Depths:3)
  11 spriggan defenders
  2 war gargoyles
  A reaper (Zig:14)
  22 stone giants
  11 very ugly things
  2 draconian shifters
  31 ironheart preservers
  A black draconian (Depths:5)
  A green draconian (Zig:4)
  Azrael (Elf:1)
  7 dire elephants
  13 deep elf annihilators
  6 bennus (Zig:14)
  14 deep elf demonologists
  3 purple draconians (Depths:5)
  A blizzard demon (Zig:7)
  A red draconian (Zig:4)
  8 deep elf death magi
  6 merfolk javelineers
  A crystal guardian (Vaults:4)
  A green death (Zig:15)
  9 death oozes
  A jiangshi (Zig:14)
  12 merfolk impalers
  13 deep elf high priests
  5 mummy priests
  16 ettins
  An eidolon (Vaults:3)
  Josephine (D:11)
  19 yaktaur captains
  26 vault guards
  2 minotaurs
  18 fire dragons
  6 hydras
  Fannar (Lair:8)
  11 great orbs of eyes
  5 ice dragons
  20 naga warriors
  19 ogre magi
  4 quicksilver dragon skeletons
  A monstrous demonspawn (Depths:3)
  6 rakshasas
  11 centaur warriors
  7 merfolk aquamancers
  7 spriggan air magi
  Erica (Lair:4)
  14 anacondas
  An alligator snapping turtle (shapeshifter) (Vaults:2)
  An alligator snapping turtle (Shoals:5)
  10 deep troll shamans
  11 deep troll earth magi
  7 dancing weapons
  2 death knights (Zig:3)
  A spectral fire giant (Zig:3)
  8 death yaks
  2 satyrs
  4 tengu warriors
  17 naga sharpshooters
  6 spriggan berserkers
  5 soul eaters
  11 orc high priests
  10 hell knights
  A titan zombie (Zig:7)
  A vampire mage (Depths:5)
  6 shock serpents
  A titan skeleton (Depths:2)
  A fire crab (shapeshifter) (D:15)
  3 catoblepae
  22 death scarabs
  11 salamander mystics
  2 fire crabs
  4 shadow wraiths
  13 sea snakes
  34 deep elf knights
  8 iron trolls
  A spectral anaconda (Zig:3)
  2 giant orange brains (shapeshifter)
  20 skeletal warriors
  A spectral spriggan (Zig:3)
  5 wizards
  A spectral hydra (Zig:3)
  A storm dragon skeleton (Depths:2)
  A deep troll (shapeshifter) (D:15)
  7 naga ritualists
  24 deep elf summoners
  2 golden dragon skeletons
  3 unseen horrors
  5 flayed ghosts
  An ice statue (IceCv)
  A sea snake (shapeshifter) (Vaults:5)
  An obsidian statue (Zig:3)
  4 lindwurms (Snake:5)
  6 necromancers
  13 ironbrand convokers
  29 deep elf conjurers
  35 deep trolls
  5 giant orange brains
  A shadow demon (Zig:17)
  6 anubis guards (Zig:17)
  13 hill giants
  The ghost of Shredu92 the Summoner, an experienced OpSu of Qazlal (D:7)
  17 orc knights
  8 phantasmal warriors
  A lindwurm (shapeshifter) (Vaults:5)
  4 wolf spiders
  A salamander (shapeshifter) (Vaults:5)
  8 shining eyes
  2 sphinx zombies
  A mana viper (shapeshifter) (Depths:3)
  18 mana vipers
  35 harpies
  14 griffons
  A hornet (shapeshifter) (Elf:3)
  15 fauns
  A stone giant zombie (Zig:16)
  5 tengu skeletons
  A shadow dragon skeleton (Depths:2)
  A shining eye (shapeshifter) (Zig:15)
  3 sphinx skeletons (Depths:2)
  A moth of wrath (shapeshifter) (Depths:4)
  A faun (shapeshifter) (Vaults:2)
  9 orc sorcerers
  A frost giant zombie (Zig:14)
  An orb spider (Zig:6)
  2 sixfirhies
  11 guardian serpents
  6 moths of wrath
  11 manticores
  A water nymph (shapeshifter) (Vaults:3)
  20 salamanders
  68 ugly things
  8 sirens
  2 fire giant skeletons (Depths:2)
  6 water nymphs
  An iron dragon skeleton (Depths:2)
  22 vault sentinels
  3 stone giant skeletons (Depths:2)
  A centaur zombie (D:12)
  2 guardian serpents (shapeshifter)
  3 hornets
  7 cyclopes
  31 elephants
  An elephant (shapeshifter) (Depths:5)
  An apocalypse crab (Zig:10)
  2 smoke demons
  A rust devil (Zig:16)
  A spiny frog (shapeshifter) (Zig:15)
  8 spiny frogs
  A spriggan zombie (Zig:17)
  7 air elementals
  24 naga magi
  5 gargoyles
  34 black mambas
  A torpor snail (Lair:5)
  2 yaktaur zombies (Vaults:1)
  7 freezing wraiths
  2 elves (shapeshifter)
  11 komodo dragons
  2 kobold demonologists
  5 spriggan skeletons (Depths:2)
  50 yaktaurs
  4 fire drakes
  5 guardian mummies (Zig:14)
  An iron troll zombie (Zig:16)
  2 demonic crawlers (Zig:6)
  An orange demon (Depths:3)
  A tormentor (Depths:3)
  A blue devil (Zig:7)
  2 ancient zymes
  23 deep elf priests
  2 jumping spiders
  3 tengu conjurers
  A death yak skeleton (Depths:2)
  A queen bee (shapeshifter) (Vaults:3)
  2 red devils
  A sphinx simulacrum (Vaults:3)
  51 merfolk
  A hellwing (Zig:17)
  A troll (shapeshifter) (D:15)
  A fire drake (shapeshifter) (Vaults:4)
  18 polar bears
  11 ravens
  A wind drake (shapeshifter) (D:15)
  9 trolls
  A wind drake (Shoals:5)
  6 ushabtiu
  15 boulder beetles
  34 fire vortices
  A baby alligator (shapeshifter) (Depths:3)
  28 two-headed ogres
  4 wandering mushrooms (D:9)
  3 moth of wrath zombies (Zig:16)
  2 jumping spiders (shapeshifter)
  A deep troll zombie (Zig:1)
  An ice dragon zombie (Zig:17)
  5 basilisks
  88 slime creatures
  2 shadows
  28 blink frogs
  14 water elementals
  18 flying skulls
  2 human simulacra (Vaults:3)
  A ynoxinul (Orc:4)
  An ettin skeleton (Depths:2)
  A tarantella (shapeshifter) (D:15)
  3 trapdoor spiders
  9 spriggans
  57 deep elf magi
  9 wraiths
  A human (Snake:4)
  5 wyverns
  69 yaks
  14 snapping turtles
  14 redbacks
  5 tarantellas
  A trapdoor spider (shapeshifter) (Vaults:5)
  2 vampires (Depths:1)
  9 hippogriffs
  8 fire elementals
  A yaktaur simulacrum (Vaults:1)
  3 hungry ghosts
  A redback simulacrum (Vaults:3)
  11 large abominations
  7 wargs
  5 hogs (Snake:4)
  A steam dragon (D:12)
  41 wolves
  55 deep elf fighters
  8 golden eyes
  A yak (shapeshifter) (Vaults:5)
  A soldier ant (D:12)
  7 chaos spawn
  A soldier ant (shapeshifter) (Elf:3)
  A mottled dragon (Vaults:2)
  3 swamp worms (Lair:2)
  14 porcupines
  A black bear (D:13)
  62 nagas
  A porcupine (shapeshifter) (Vaults:5)
  4 sky beasts
  30 water moccasins
  4 hell hounds
  18 orc zombies
  A phantom (D:12)
  46 orc warriors
  A boggart (Elf:1)
  2 boring beetles
  8 eyes of draining
  A black bear (shapeshifter) (Depths:3)
  A necrophage (Zig:17)
  10 wasps
  8 ice beasts
  A human skeleton (Vaults:3)
  63 ogres
  25 centaurs
  2 elf simulacra
  3 big kobolds
  19 crocodiles
  A brain worm (Lair:2)
  16 giant frogs
  An earth elemental (Zig:5)
  A water moccasin zombie (Ossuary)
  A water moccasin skeleton (D:7)
  5 scorpions
  2 wyvern skeletons
  A warg zombie (Zig:16)
  13 killer bees
  2 oklob saplings (D:9)
  8 wights
  A troll zombie (Vaults:3)
  7 small abominations (Depths:3)
  The ghost of jazmu the Chopper, a weakling DsGl (D:3)
  A vampire bat (D:3)
  A bog body (Ossuary)
  2 goliath beetles (D:9)
  2 electric eels
  4 elf skeletons
  4 crimson imps
  4 giant frog zombies
  25 jellies
  38 orc wizards
  6 centaur skeletons
  8 iguanas
  16 hounds
  12 worker ants
  36 orc priests
  30 sheep
  10 hell rats
  Ijyb (D:5)
  2 ogre zombies
  3 hound zombies (Ossuary)
  2 hound skeletons
  39 mummies
  4 worker ant zombies
  56 river rats
  13 gnolls (Bailey)
  A spectral iguana (Zig:3)
  25 adders
  2 shadow imps
  9 white imps (D:11)
  A giant mite (shapeshifter) (Depths:3)
  19 worms
  5 ufetubi
  An adder skeleton (D:6)
  3 adder zombies (Ossuary)
  7 giant geckos
  2 oozes
  242 orcs
  A ball python (D:6)
  A bat skeleton (D:6)
  4 bat zombies (Ossuary)
  A giant cockroach (D:7)
  20 goblins
  31 hobgoblins
  10 jackals
  29 kobolds
  20 bats
  A giant cockroach zombie (Ossuary)
  A giant newt (D:1)
  3 giant spores
  2 goblin zombies (Zig:16)
  A hobgoblin zombie (Zig:16)
  17 quokkas
  2 quokka zombies (Ossuary)
  13 rats
  6 ballistomycetes
  7 crawling corpses
  65 fungi
  49 plants
3564 creatures vanquished.

Vanquished Creatures (collateral kills)
  A greater mummy (Zig:17)
  An emperor scorpion (Zig:17)
  A hydra (D:11)
  The ghost of Somebody the Grappler, an experienced TrEE of Cheibriados (D:8)
  An anubis guard (Zig:14)
  A mana viper (Zig:14)
  A shining eye (Slime:3)
  Maurice (D:8)
  An elephant (D:9)
  A spiny frog (Lair:7)
  The ghost of Charly the Slasher, an experienced DrSk of Ashenzari (D:6)
  A guardian serpent (D:9)
  A spiny frog (shapeshifter) (Zig:10)
  A ball lightning (Orc:4)
  A guardian mummy (Zig:17)
  2 boulder beetles (Zig:9)
  7 yaks
  A hungry ghost (Depths:2)
  A deep elf mage (Zig:15)
  An orc warrior (Zig:16)
  A water moccasin (Lair:7)
  A necrophage (Zig:14)
  A giant frog (D:9)
  A scorpion (D:9)
  A wight (Zig:14)
  6 killer bees (D:9)
  2 jellies (Zig:11)
  7 mummies
  3 white imps (D:11)
  An adder (Lair:7)
  5 orcs
  3 orc zombies (Zig:16)
59 creatures vanquished.

Vanquished Creatures (others)
  A draconian knight (Zig:4)
  A stone giant (Zig:16)
  An ironbrand convoker (Vaults:5)
  A deep elf priest (Vaults:4)
  A polar bear (IceCv)
  178 fire vortices
  189 ball lightnings
  A wolf (IceCv)
  16 ice beasts
  3 lost souls
  A kobold (D:10)
  4 fungi
  6 plants
  4 tentacles (Shoals:5)
  16 tentacle segments (Shoals:5)
423 creatures vanquished.

Grand Total: 4046 creatures vanquished

Action                   |  1- 3 |  4- 6 |  7- 9 | 10-12 | 13-15 | 16-18 | 19-21 | 22-24 | 25-27 || total
-------------------------+-------+-------+-------+-------+-------+-------+-------+-------+-------++-------
Melee: Unarmed           |     9 |       |       |       |       |       |       |       |       ||     9
       Dagger            |    36 |    11 |       |    14 |       |       |       |       |       ||    61
       Hand axe          |       |    47 |   184 |     2 |       |       |       |       |       ||   233
       Long sword        |       |       |       |   291 |   214 |     6 |       |       |       ||   511
       Halberd           |       |       |       |    18 |       |       |       |       |       ||    18
       Staff             |       |       |       |       |    67 |    31 |    35 |    55 |    12 ||   200
Throw: Javelin           |    32 |    50 |    42 |     9 |       |       |       |       |       ||   133
 Cast: Freeze            |     3 |    31 |    40 |    47 |     4 |       |       |       |       ||   125
       Throw Icicle      |       |     5 |   138 |   250 |   434 |   371 |   338 |   375 |   153 ||  2064
       Summon Ice Beast  |       |       |     2 |    40 |     6 |       |       |       |       ||    48
       Repel Missiles    |       |       |       |     3 |       |     3 |     5 |     2 |     6 ||    19
       Mephitic Cloud    |       |       |       |    43 |     8 |       |       |       |       ||    51
       Conjure Flame     |       |       |       |    25 |     6 |       |       |       |       ||    31
       Blink             |       |       |       |     1 |    59 |    17 |     9 |    14 |    12 ||   112
       Conjure Ball Ligh |       |       |       |       |    76 |    13 |       |       |       ||    89
       Ozocubu's Refrige |       |       |       |       |    88 |    56 |    37 |    10 |       ||   191
       Regeneration      |       |       |       |       |     9 |    18 |    23 |    40 |    36 ||   126
       Freezing Cloud    |       |       |       |       |    17 |   197 |   236 |   134 |    65 ||   649
       Apportation       |       |       |       |       |     2 |       |     3 |       |       ||     5
       Tornado           |       |       |       |       |       |       |    41 |    51 |    39 ||   131
       Orb of Destructio |       |       |       |       |       |       |       |   145 |   111 ||   256
       Airstrike         |       |       |       |       |       |       |       |     7 |    24 ||    31
       Fire Storm        |       |       |       |       |       |       |       |       |    72 ||    72
       Deflect Missiles  |       |       |       |       |       |       |       |       |     1 ||     1
Evoke: Wand              |       |       |     3 |       |     4 |     1 |     1 |     1 |     3 ||    13
       Deck              |       |       |       |       |       |     1 |       |     2 |     1 ||     4
       Fan of gales      |       |       |       |       |       |       |     1 |     1 |       ||     2
       Phial of floods   |       |       |       |       |       |       |       |     1 |     1 ||     2
       Staff of energy   |       |       |       |       |       |       |       |   176 |   302 ||   478
       Lamp of fire      |       |       |       |       |       |       |       |     1 |     1 ||     2
  Use: Scroll            |       |       |    18 |     7 |    21 |    20 |    12 |    20 |    14 ||   112
       Potion            |       |       |     5 |     4 |     3 |     6 |     4 |    22 |    23 ||    67
 Stab: Sleeping          |     1 |       |     1 |     2 |     2 |       |       |       |       ||     6
       Distracted        |       |       |       |     2 |     1 |       |       |       |       ||     3
       Confused          |       |       |       |    15 |     6 |       |       |       |       ||    21
       Fleeing           |       |       |       |     1 |       |       |       |       |       ||     1
  Eat: Chunk             |     1 |     9 |    31 |    53 |    89 |    67 |   100 |   100 |    29 ||   479
       Fruit             |       |       |     4 |     4 |     2 |       |     2 |     4 |     5 ||    21
       Meat ration       |       |       |     3 |     2 |       |       |       |       |     5 ||    10
       Bread ration      |       |       |     2 |     4 |       |       |       |       |       ||     6
       Beef jerky        |       |       |       |       |     4 |     3 |     1 |     8 |     1 ||    17
       Pizza             |       |       |       |       |       |     1 |     1 |     2 |     1 ||     5
       Royal jelly       |       |       |       |       |       |     1 |       |     1 |       ||     2

Vault maps used:
D:1:      evilmike_arrival_home_sweet_home
D:2:      first_bread
D:3:      roderic_batcave
D:4:      overflow_temple_1_default
D:5:      serial_shops, shop_fountains, uniq_iyjb
D:6:      fedhas_altar_2, lemuel_doored_altar, lemuel_coloured_pillars_altar,
          lightli_ossuary_entry_decrepit_ruins
D:7:      tso_metal_star, gammafunk_temple_overflow_wave,
          minmay_temple_entry_statues_pillars
D:8:      kennysheep_little_box, uniq_maurice
D:9:      kennysheep_mini, david_lair_generic, orc_david_3, enter_bailey_3,
          hangedman_tree_tricks, nrook_guardian_serpent_ordinary
D:10:     st_stairs_11, yredelemnul_altar_generic
D:11:     wad_woods_pond, portal_ice_cave_entry_imps, serial_shops, shop,
          columned_hall_lemuel, uniq_josephine
D:12:     minmay_outward_triangles, basic_altar, st_stairs_14,
          nicolae_elemental_shop
D:13:     erik_vaults_1
D:14:     grunt_dithmenos_smoke_and_mirrors, serial_shops, nicolae_shop_trees,
          basic_altar
D:15:     gammafunk_enter_depths_forms, minmay_misc_feat_tower, minivault_24,
          hex_medium
Temple:   chambers_temple_10
Lair:1:   lemuel_centaur_altar, uniq_gastronok
Lair:2:   worms_lemuel, lemuel_fruit_tree
Lair:3:   bh_autumn_forest_stairs
Lair:4:   dragon1_lemuel, elwin_shoals_entry_stream,
          minmay_snake_entry_guardpost_small, serial_bayou_shore_b,
          infiniplex_staircase_pool, uniq_erica, uniq_maud
Lair:5:   baited_tele_trap, grunt_megastairs_3
Lair:6:   minmay_shoals_entry_lonely_mermaid, slime_altar_1,
          serial_bayou_shore_b
Lair:8:   due_jungle_book, uniq_fannar
Shoals:2: abandoned_shop, nicolae_shoals_c_island
Shoals:3: serial_shops, nicolae_shop_trees
Shoals:4: serial_shops, shop
Shoals:5: shoals_end_hangedman, shoal_ilsuiw
Snake:1:  basic_altar, dpeg_stationary_puzzle
Snake:2:  uniq_vashnia
Snake:3:  basic_altar, uniq_rupert, uniq_wiglaf
Snake:4:  uniq_frances, uniq_kirke
Snake:5:  snake_pit_salamanders_mu, uniq_saint_roka
Slime:3:  nicolae_slime_jelly_donut, nicolae_slime_barrier
Slime:5:  cheibrodos_slime_lost_civilization_1
Orc:1:    serial_shops, shop
Orc:3:    basic_altar, nicolae_orc_pool_cavern, uniq_donald
Orc:4:    st_orc_elflike, basic_altar, serial_shops, shop
Elf:1:    minmay_elf_arrival_plus, hangedman_elf_disciples,
          corexii_checkpoint_b, uniq_azrael, uniq_roxanne
Elf:2:    corner_web_ring, st_stairs_14, fake_guardian_serpent_vault
Elf:3:    minmay_elf_hall_dome
Vaults:1: v_misc_10, nicolae_vaults_twisting_passages, hangedman_vaults_hat,
          nicolae_vaults_angled_halls, st_diamondy, hangedman_vaults_restitches,
          vaults_room_corners, nicolae_vaults_ring_of_whatevers,
          vaults_room_ringed_pool, vaults_standard_mumra_lines,
          vaults_room_large_hall, nicolae_vaults_diagonal_hallway_8
Vaults:2: vaults_room_fours, hangedman_vaults_stretched_pinwheel,
          hangedman_vaults_nails, vaults_room_glass_cross,
          ontoclasm_vaults_gateway, nicolae_vaults_sealed_display,
          vaults_dpeg_diagonal, vaults_mumra_hex
Vaults:3: ontoclasm_vaults_twist, vaults_room_door_hall, v_misc_33,
          hangedman_vaults_stretched_pinwheel, v_misc_5,
          dpeg_vaults_monster_row, vaults_standard_mumra_x,
          nicolae_vaults_windows_and_doors_thing,
          minmay_crypt_entry_simple_sparse, ontoclasm_vaults_shuriken,
          v_alt_pattern_1, vaults_room_hangedman_quadrants
Vaults:4: vaults_standard_mumra_enter_the_diamond, ontoclasm_vaults_shout,
          v_pattern_5, v_misc_9, nicolae_vaults_mini_display_case, v_misc_27,
          vaults_room_stairs_pillars, vaults_dpeg_encased_lava
Vaults:5: uniq_boris
Depths:1: minmay_misc_feat_enclosed, grunt_metal_band, kennysheep_dice,
          uniq_mara, uniq_agnes, uniq_asterion
Depths:2: minmay_skeleton_keep, corexii_corridor_pit, hellmouth_1, pan_entry,
          minmay_holes, infiniplex_staircase_spiral
Depths:3: angbandy_vault, minmay_misc_feat_diagonals, hell_entry,
          rand_demon_pan_entry_5, minmay_misc_feat_doors, laboratory,
          uniq_jorgrun
Depths:4: grunt_arcs, pan_entry, hell_entry, serial_co_window_serial,
          co_window_corner_a, co_window_corner_a, co_window_paths_b,
          co_window_paths_b, co_window_paths_a, co_window_2corner,
          co_window_broadway_b, co_window_broadway_b, co_window_sun,
          glass_columns_a, abyss_entry, serial_shops, bzr_entry_customers
Depths:5: evilmike_zot_entry_round, enter_ziggurat_e, hell_entry,
          nrook_pool_corridor, grunt_megastairs_4
Zig:7:    ziggurat_pillar_centre_smoke
Zig:9:    ziggurat_pillar_centre_k
Zig:10:   ziggurat_pillar_centre_dead_trees
Zig:11:   ziggurat_loot_2
Zig:17:   ziggurat_pillar_centre_c
Bazaar:   bazaar_kb_twisted_cavern
Ossuary:  ossuary_zaba_flooded
Bailey:   bailey_axe_2, bailey
IceCv:    ice_cave_caverns_02
